AoeStats
← Thorrado

Fortress

508986178Analyzed
4v4 RM · 8d ago on Sep 25, 2026· 53m 40s· 8 players
Game mode
Random Map
Map size
Huge
Population
200
Speed
Normal
Resources
Standard
Victory
Conquest
Starting age
Dark Age
Ending age
Imperial Age
RankedLock teamsTeams togetherTeam positionsShared explorationLock speedFull tech treeHidden civsTurbo modeCheats
Victory
Defeat
🇵🇪 Goths · Peru
985
+11
🇨🇳 Britons · China
797
+19
🇺🇸 Vietnamese · United States
782
+19
🇧🇷 Bohemians · Brazil
766
+19
🇨🇴 Italians · Colombia
905
-19
🇧🇷 Britons · Brazil
859
-17
🇵🇪 Mongols · Peru
855
-17
🇲🇽 Britons · Mexico
812
-15
fadul2105
6:15 Loom
8:02 Feudal Age
12:46 Castle Age
13:53 Double-Bit Axe
15:39 Bow Saw
18:04 Wheelbarrow
18:13 Gold Mining
24:36 Gold Shaft Mining
23:51 Stone Mining
24:13 Fletching
26:25 Bodkin Arrow
27:38 Horse Collar
29:42 Forging
32:09 Imperial Age
31:04 Hand Cart
31:33 Bloodlines
32:31 Husbandry
33:11 Iron Casting
33:32 Scale Barding Armor
34:35 Nomads
35:04 Heavy Plow
34:49 Light Cavalry
37:02 Blast Furnace
37:00 Conscription
37:19 Chain Barding Armor
37:04 Bracer
37:13 Hussar
37:24 Elite Mangudai
38:13 Town Watch
39:07 Stone Shaft Mining
41:12 Ballistics
40:55 Bracer
40:57 Padded Archer Armor
44:48 Chemistry
46:54 Parthian Tactics
47:00 Parthian Tactics
48:25 Leather Archer Armor
49:36 Thumb Ring
WololoJedi
8:15 Feudal Age
9:50 Wheelbarrow
9:03 Double-Bit Axe
9:01 Horse Collar
12:55 Gold Mining
13:05 Fletching
13:28 Forging
13:27 Scale Barding Armor
16:43 Castle Age
15:10 Loom
15:47 Scale Mail Armor
16:42 Stone Mining
17:09 Padded Archer Armor
16:38 Man-at-Arms
17:04 Arson
18:07 Hand Cart
18:32 Stone Shaft Mining
18:31 Heavy Plow
21:34 Caravan
21:46 Pikeman
23:58 Light Cavalry
24:39 Husbandry
28:49 Bloodlines
29:37 Bow Saw
31:05 Bodkin Arrow
42:47 Imperial Age
41:54 Town Watch
43:38 Cavalier
44:33 Hussar
45:18 Elite Skirmisher
45:19 Crossbowman
47:43 Iron Casting
La Morte Noire
Guará
8:57 Feudal Age
9:32 Stone Mining
9:27 Horse Collar
9:37 Double-Bit Axe
15:03 Castle Age
13:14 Gold Mining
13:51 Man-at-Arms
15:57 Wheelbarrow
16:40 Bow Saw
23:55 Hand Cart
26:33 Loom
27:34 Heavy Plow
28:54 Town Watch
33:12 Imperial Age
30:59 Padded Archer Armor
30:50 Fletching
31:10 Forging
32:24 Leather Archer Armor
32:39 Masonry
33:04 Town Patrol
34:29 Gold Shaft Mining
34:45 Caravan
34:37 Capped Ram
36:32 Ring Archer Armor
35:58 Bodkin Arrow
36:15 Forging
36:06 Scale Mail Armor
36:11 Scale Barding Armor
37:10 Elite Longbowman
39:08 Conscription
38:53 Bracer
40:01 Chemistry
39:23 Ballistics
41:18 Two-Man Saw
43:24 Yeomen
45:08 Pikeman
45:49 Squires
45:35 Arson
45:36 Gambesons
46:25 Halberdier
Zengen
8:39 Feudal Age
9:08 Horse Collar
9:15 Double-Bit Axe
10:12 Gold Mining
15:52 Wheelbarrow
18:12 Castle Age
16:35 Fletching
16:48 Padded Archer Armor
22:05 Heavy Plow
23:51 Bow Saw
24:45 Hand Cart
25:10 Elite Skirmisher
27:04 Thumb Ring
27:30 Bodkin Arrow
27:52 Leather Archer Armor
29:48 Ballistics
32:40 Imperial Age
32:11 Fortified Wall
35:29 Bracer
36:01 Ring Archer Armor
36:33 Chemistry
36:31 Imperial Skirmisher
38:43 Crop Rotation
38:58 Crossbowman
39:29 Arbalester
45:46 Capped Ram
Jomz
0:51 Loom
8:43 Feudal Age
12:49 Castle Age
13:58 Double-Bit Axe
13:55 Horse Collar
14:35 Forging
15:02 Bow Saw
15:38 Pikeman
18:15 Iron Casting
21:34 Wheelbarrow
21:24 Man-at-Arms
22:05 Squires
23:40 Anarchy
24:21 Hand Cart
36:25 Imperial Age
35:22 Caravan
36:29 Elite Huskarl
37:09 Perfusion
37:30 Conscription
36:33 Halberdier
36:53 Capped Ram
40:41 Two-Man Saw
39:44 Heavy Plow
46:35 Scale Mail Armor
46:36 Padded Archer Armor
Thorrado
1:02 Loom
9:27 Feudal Age
10:26 Double-Bit Axe
11:35 Horse Collar
17:04 Castle Age
17:56 Wheelbarrow
18:42 Heavy Plow
20:38 Elite Skirmisher
21:39 Bow Saw
29:19 Imperial Age
28:52 Chemistry
28:14 Ballistics
28:46 Caravan
29:51 Fletching
30:03 Padded Archer Armor
30:14 Forging
29:30 Pikeman
30:10 Squires
33:05 Two-Man Saw
33:29 Conscription
33:34 Sanctity
33:25 Fervor
34:01 Hand Cart
33:53 Halberdier
34:00 Imperial Skirmisher
38:03 Houfnice
39:23 Leather Archer Armor
40:16 Wagenburg Tactics
40:50 Elite Hussite Wagon
42:30 Siege Engineers
42:54 Bodkin Arrow
43:31 Ring Archer Armor
43:03 Scale Mail Armor
43:39 Iron Casting
44:20 Bracer
54:15 Blast Furnace
53:32 Chain Mail Armor
一枪一个小朋友
0:59 Loom
Connection lost

Rejoining the realm…

Still unreachable

The connection could not be restored.

Session expired

The server has moved on; the page needs a fresh start.